 Dungeon Crawl Stone Soup version 0.25-a0-561-g0977b4d109 (webtiles) character file.

Game seed: 13140945651077762866, levelgen mode: deterministic

5614 Flugslaktarn the Cleaver (level 11, -5/93 (94) HPs)
             Began as a Formicid Fighter on Feb 25, 2020.
             Was an Elder of Makhleb.
             Succumbed to a queen ant's poison
             ... on level 8 of the Dungeon.
             The game lasted 00:05:12 (7746 turns).

Flugslaktarn the Cleaver (Formicid Fighter)         Turns: 7746, Time: 00:05:13

HP:   -5/93 (94)    AC: 16    Str: 24    XL:     11   Next: 3%
MP:   8/13          EV:  8    Int:  7    God:    Makhleb [****..]
Gold: 552           SH: 11    Dex: 10    Spells: 10/10 levels left

rFire    . . .     SeeInvis +   x - +1 hand axe (venom)
rCold    . . .     Gourm    .   c - +0 kite shield
rNeg     . . .     Faith    .   J - +0 chain mail
rPois    .         Spirit   +   (helmet unavailable)
rElec    .         Reflect  .   H - +2 cloak {+Inv}
rCorr    .         Harm     .   (no gloves)
MR       +....                  B - +1 pair of boots
Stlth    ..........             D - amulet of guardian spirit
HPRegen  0.25/turn              g - -3 ring of strength (curse)
MPRegen  0.13/turn              (no ring)

@: lethally poisoned (-5 -> -79)
A: permanent stasis, dig shafts and tunnels, four strong arms, antennae 3, low
mp 2, robust 1, strong 1
a: Dig, Shaft Self, Minor Destruction, Lesser Servant of Makhleb, Major
Destruction, Renounce Religion, Evoke Invisibility


You were on level 8 of the Dungeon.
You worshipped Makhleb.
Makhleb was greatly pleased with you.
You were hungry.

You visited 1 branch of the dungeon, and saw 8 of its levels.

You collected 552 gold pieces.

Inventory:

Hand Weapons
 a - a +0 war axe
 x - a +1 hand axe of venom (weapon)
   (You took it off an orc on level 3 of the Dungeon)
Armour
 c - a +0 kite shield (worn)
 B - a +1 pair of boots (worn)
   (You found it on level 4 of the Dungeon)
 H - a +2 cloak of invisibility (worn)
   (You took it off Crazy Yiuf on level 5 of the Dungeon)
 J - a +0 chain mail (worn)
   (You took it off an orc on level 3 of the Dungeon)
Jewellery
 f - an uncursed ring of ice
   (You found it on level 5 of the Dungeon)
 g - a cursed -3 ring of strength (left hand)
   (You found it on level 6 of the Dungeon)
 D - an amulet of guardian spirit (around neck)
   (You found it on level 4 of the Dungeon)
Wands
 h - a wand of clouds (6)
   (You found it on level 6 of the Dungeon)
 k - a wand of acid (9)
   (You found it on level 7 of the Dungeon)
 F - a wand of paralysis (11)
   (You found it on level 5 of the Dungeon)
Scrolls
 i - a scroll of fear
 m - a scroll of silence {unknown}
 o - 2 scrolls of magic mapping
 r - 2 scrolls of identify
 w - 6 scrolls of remove curse
 E - a scroll of fog
Potions
 b - a potion of berserk rage {unknown}
 d - 5 potions of might
 j - a potion of heal wounds
 l - 3 potions of flight
 q - 2 potions of curing
 u - a potion of cancellation
 v - a potion of brilliance
Comestibles
 e - 9 rations


   Skills:
 + Level 7.8 Fighting
 * Level 9.5 Axes
 + Level 7.7 Armour
 + Level 8.5 Shields
 + Level 7.3 Invocations


You had 10 spell levels left.
You didn't know any spells.
Your spell library was empty.

Dungeon Overview and Level Annotations

Branches:
Dungeon (8/15)             Temple (0/1) D:7            Lair (0/6) D:8

Altars:
Dithmenos
Elyvilon
Gozag
Hepliaklqana
Kikubaaqudgha
Makhleb
Nemelex Xobeh
Okawaru
Qazlal
Sif Muna
Trog
Uskayaw
Xom
Yredelemnul

Shops:
D:7 (

Annotations:
D:4 exclusion: door


Innate Abilities, Weirdness & Mutations

You cannot be hasted, slowed, berserked, paralysed or teleported.
You can dig through walls and to a lower floor.
Your four strong arms can wield two-handed weapons with a shield.
You have a pair of large antennae on your head. (SInv)
Your magical capacity is very low. (-20% MP)
You are robust. (+10% HP)
Your muscles are strong. (Str +2)


Message History

The queen ant is heavily wounded.
You barely miss the soldier ant.
You feel extremely sick. The soldier ant barely misses you.
You are too injured to fight recklessly!
You are too injured to fight recklessly!
Unknown command.
* * * LOW HITPOINT WARNING * * *
You feel extremely sick.
Things that are here:
a worker ant corpse; a soldier ant corpse
* * * LOW HITPOINT WARNING * * *
You feel extremely sick.
* * * LOW HITPOINT WARNING * * *
You feel extremely sick.
You see here a soldier ant corpse.
* * * LOW HITPOINT WARNING * * *
You feel very sick. The worker ant closely misses you.
You die...

##....########...)).....
.##...†.........##########
#......†.###.##.# #..#
#.##(########## #††#
#(.....(<<))...
#.a#############.### #.aa#
#.# # #.#.# #.# # ...#@#
#.# #
..#..#.############.# #
#.....#.#.........##.# # #
##.....#.######.##.# #
#.#.#.###...# #.##.###
##.##.#.##.# #.##..##
..........###.###.## .#
##...†..((........ #.
.#......(.÷(....(†.


You could see a queen ant, a soldier ant and a worker ant.

Vanquished Creatures
  A cyclops (D:7)
  Sigmund (D:3)
  A hungry ghost (D:8)
  A human (D:8)
  Edmund (D:6)
  13 soldier ants (D:8)
  4 porcupines (D:8)
  2 sky beasts
  An orc warrior (D:8)
  An ogre (D:5)
  A phantom (D:7)
  4 centaurs
  A necrophage (D:8)
  A big kobold (D:8)
  2 crocodiles (D:8)
  2 bullfrogs (D:8)
  3 scorpions
  5 killer bees (D:7)
  3 howler monkeys
  2 crimson imps
  Crazy Yiuf (D:5)
  3 hounds
  4 jellies
  2 orc priests
  2 centaur skeletons (D:5)
  4 iguanas
  Jessica (D:3)
  3 orc wizards
  10 worker ants
  2 worker ant zombies
  7 gnolls
  10 adders
  A shadow imp (D:6)
  2 oozes
  2 adder skeletons (D:5)
  A worm (D:2)
  A dart slug (D:1)
  4 leopard geckos
  38 orcs
  6 bats
  4 giant cockroaches
  10 goblins
  5 hobgoblins
  7 jackals (D:3)
  18 kobolds
  5 quokkas
  2 ball pythons
  5 frilled lizards
  A quokka zombie (D:8)
  7 rats
  9 fungi (D:8)
  5 plants (D:8)
232 creatures vanquished.

Vanquished Creatures (others)
  17 fungi (D:8)
  3 plants (D:8)
20 creatures vanquished.

Grand Total: 252 creatures vanquished

Notes
Turn   | Place    | Note
-------+----------+-------------------------------------------
     0 | D:1      | Flugslaktarn the Formicid Fighter began the quest for the
                  | Orb.
     0 | D:1      | Reached XP level 1. HP: 18/18 MP: 1/1
   103 | D:1      | Reached XP level 2. HP: 24/24 MP: 2/2
   471 | D:1      | Reached XP level 3. HP: 29/29 MP: 3/3
  1236 | D:2      | Found a burning altar of Makhleb.
  1263 | D:2      | Became a worshipper of Makhleb the Destroyer
  1369 | D:2      | Reached XP level 4. HP: 37/37 MP: 4/4
  1411 | D:2      | Reached skill level 3 in Axes
  1951 | D:3      | Noticed Jessica
  1956 | D:3      | Killed Jessica
  1956 | D:3      | Reached skill level 1 in Invocations
  1956 | D:3      | Reached XP level 5. HP: 42/42 MP: 5/5
  1963 | D:3      | Noticed Sigmund
  1980 | D:3      | Killed Sigmund
  1980 | D:3      | Reached skill level 4 in Axes
  1980 | D:3      | Reached XP level 6. HP: 25/48 MP: 5/7
  2149 | D:3      | Found an ancient bone altar of Kikubaaqudgha.
  2156 | D:3      | Reached * piety under Makhleb
  2609 | D:4      | Found a bloodstained altar of Trog.
  2697 | D:4      | Found a sparkling altar of Nemelex Xobeh.
  2848 | D:4      | Found a shimmering blue altar of Sif Muna.
  3023 | D:5      | Entered Level 5 of the Dungeon
  3055 | D:5      | Found a shadowy altar of Dithmenos.
  3072 | D:5      | Reached skill level 5 in Shields
  3072 | D:5      | Reached XP level 7. HP: 45/55 MP: 8/8
  3697 | D:5      | Reached skill level 5 in Axes
  3849 | D:5      | Found a runed translucent door.
  3850 | D:5      | Noticed Crazy Yiuf
  3892 | D:5      | Killed Crazy Yiuf
  4057 | D:6      | Found a basalt altar of Yredelemnul.
  4071 | D:6      | Reached XP level 8. HP: 9/61 MP: 10/10
  4112 | D:6      | Gained mutation: You expend magic power (3 MP) to
                  | strengthen your wands. [potion of mutation]
  4112 | D:6      | Gained mutation: Armour fits poorly on your strangely
                  | shaped body. [potion of mutation]
  4112 | D:6      | Gained mutation: You are agile. (Dex +2) [potion of
                  | mutation]
  4113 | D:6      | Lost mutation: You are agile. (Dex +2) [potion of mutation]
  4113 | D:6      | Lost mutation: Armour fits poorly on your strangely shaped
                  | body. [potion of mutation]
  4113 | D:6      | Lost mutation: You expend magic power (3 MP) to strengthen
                  | your wands. [potion of mutation]
  4113 | D:6      | Gained mutation: Your magical capacity is low. (-10% MP)
                  | [potion of mutation]
  4113 | D:6      | Gained mutation: Your magical capacity is very low. (-20%
                  | MP) [potion of mutation]
  4113 | D:6      | Gained mutation: You are robust. (+10% HP) [potion of
                  | mutation]
  4113 | D:6      | Gained mutation: Your muscles are strong. (Str +2) [potion
                  | of mutation]
  4352 | D:6      | Reached skill level 5 in Armour
  4363 | D:6      | Reached skill level 5 in Fighting
  4545 | D:6      | Noticed Edmund
  4559 | D:6      | Killed Edmund
  4598 | D:6      | Reached skill level 6 in Axes
  4616 | D:6      | Reached ** piety under Makhleb
  4713 | D:6      | Found a hazy altar of Hepliaklqana.
  4714 | D:6      | Found a shimmering altar of Xom.
  4715 | D:6      | Noticed a spectral ugly thing
  5083 | D:6      | Reached XP level 9. HP: 74/75 MP: 9/9
  5234 | D:6      | Found a hide-covered altar of Uskayaw.
  5235 | D:6      | Found a shimmering blue altar of Sif Muna.
  5236 | D:6      | Found an opulent altar of Gozag.
  5237 | D:6      | Found a white marble altar of Elyvilon.
  5289 | D:7      | Found a staircase to the Ecumenical Temple.
  5385 | D:7      | Found a stormy altar of Qazlal.
  5480 | D:7      | Reached skill level 7 in Axes
  5480 | D:7      | Reached skill level 5 in Invocations
  5819 | D:7      | Found an iron altar of Okawaru.
  6094 | D:7      | Reached *** piety under Makhleb
  6109 | D:7      | Found Xienakh's Weapon Emporium.
  6163 | D:7      | Noticed a cyclops
  6179 | D:7      | Killed a cyclops
  6551 | D:8      | Reached XP level 10. HP: 54/84 MP: 9/11
  6561 | D:8      | Reached skill level 8 in Axes
  6753 | D:8      | Found a staircase to the Lair.
  7620 | D:8      | Reached skill level 9 in Axes
  7628 | D:8      | Reached **** piety under Makhleb
  7722 | D:8      | Reached XP level 11. HP: 61/92 MP: 9/13
  7726 | D:8      | Noticed a queen ant
  7745 | D:8      | HP: 1/93 [poisoned by a queen ant]
  7746 | D:8      | Succumbed to a queen ant's poison

Levels and vault maps discovered:
D:1:      dpeg_arrival_houses_and_road, layout_basic
D:2:      layout_basic, overflow_temple_1_default, first_ration
D:3:      layout_rooms, kiku_gazebo_garden_becter,
          chequers_serial_rivers_room_a, uniq_sigmund, uniq_jessica
D:4:      layout_rooms, bloody_trog, lemuel_round_altar, led_sif_book
D:5:      layout_basic, basic_altar, uniq_crazy_yiuf_cottage
D:6:      layout_loops_ring, regret_index_temple_of_mockery, minitemple,
          st_stairs_8, uniq_edmund
D:7:      layout_gridville, nicolae_qazlal_general_emergency,
          okawaru_metal_pillars_3, minmay_temple_entry_statues_fountains,
          serial_shops, kennysheep_mini_moat
D:8:      layout_loops_ring, due_lair_maze_entry_diamond, grunt_pizzeria,
          minivault_29

Skill      XL: |  1  2  3  4  5  6  7  8  9 10 |
---------------+-------------------------------+-----
Shields        | 4 5 6 7 8 |  8.5
Axes           | 3 4 5 6 7 9 |  9.5
Invocations    | 1 2 3 4 5 7 |  7.3
Fighting       | 4 5 6 7 |  7.8
Armour         | 4 5 6 7 |  7.7

Action                   |  1- 3 |  4- 6 |  7- 9 | 10-12 || total
-------------------------+-------+-------+-------+-------++-------
Melee: War axe           |   114 |    46 |       |       ||   160
       Hand axe          |       |    77 |   387 |   267 ||   731
  Use: Potion            |       |     2 |     2 |       ||     4
       Scroll            |       |       |    17 |       ||    17
  Eat: Chunk             |     2 |     5 |     8 |     2 ||    17
       Ration            |       |     1 |     2 |     1 ||     4
Armor: Scale mail        |    41 |    36 |    13 |       ||    90
       Chain mail        |       |       |   154 |    94 ||   248
Dodge: Dodged            |    38 |    45 |    98 |    39 ||   220
Block: Kite shield       |    52 |    77 |   191 |    89 ||   409

Table legend:
 A = Non-vault XP
 B = Vault XP
 C = Vault XP percentage of total XP
 D = Non-vault monster count
 E = Vault monster count
 F = Vault count percentage of total count
                 A         B        C        D         E       F
            +---------+---------+-------+---------+---------+-------
      Total |    3935 |    4086 |  50.9 |     180 |      38 |  17.4
            +---------+---------+-------+---------+---------+-------
        D:1 |      46 |       0 |   0.0 |      25 |       0 |   0.0
        D:2 |      55 |       0 |   0.0 |      21 |       0 |   0.0
        D:3 |      57 |     257 |  81.8 |      21 |       2 |   8.7
        D:4 |      50 |       0 |   0.0 |       4 |       0 |   0.0
        D:5 |     471 |      42 |   8.2 |      16 |       1 |   5.9
        D:6 |     923 |     227 |  19.7 |      33 |       3 |   8.3
        D:7 |    1238 |       0 |   0.0 |      27 |       0 |   0.0
        D:8 |    1095 |    3560 |  76.5 |      33 |      32 |  49.2
            +---------+---------+-------+---------+---------+-------
